Cogmind - Beta 17.1 @@@ ROGUE MODE // 2026.09.07 @ 13:42:38 Player: 4R-ZE3 Result: Destroyed by S-10 Pest with Light Assault Rifle Performance ------------- Evolutions (0) 0 Regions Visited (4) 800 Robots Destroyed (6) 30 Value Destroyed (84) 84 Prototype IDs (23) 460 Alien Tech Used (0) 0 Bonus (307) 307 TOTAL SCORE: 1681 Bonus ------- Follower Combat Kills 7 Aligned with FarCom 300 Cogmind --------- Core Integrity 0/250 Matter 295/300 Energy 100/100 System Corruption 2% Temperature Cool (0) Movement Core (50) Location -9/Mines Parts ------- > --- POWER (1) -------- (None) > --- PROPULSION (2) --- (None) > --- UTILITY (2) ------ Visual Processing Unit > --- WEAPON (2) ------- Makeshift Spear > --- INVENTORY (5) ---- Rocket Launcher Deploy-a-Sentry Deploy-a-Sentry Deploy-a-Sentry Peak State ------------ > --- POWER ------------ (None) > --- PROPULSION ------- Flight Unit > --- UTILITY ---------- Visual Processing Unit > --- WEAPON ----------- Makeshift Spear > --- INVENTORY -------- Rocket Launcher Deploy-a-Sentry Deploy-a-Sentry Deploy-a-Sentry [Rating: 9] Favorites ----------- Power None Propulsion Flight Unit Flight Unit Flight Unit Utility Visual Processing Unit Processor Visual Processing Unit Weapon Makeshift Spear Launcher Rocket Launcher Piercing Weapon Makeshift Spear Build | -11 -10 -10 -10 -9 ------- Run | Yrd Mat Min Exi Min Slots Evolved . | . . . . . Power . | . . . . . Propulsion . | . . . . . Utility . | . . . . . Weapon . | . . . . . Parts Attached 6 | . . 3 . 3 Power . | . . . . . Engine . | . . . . . Core . | . . . . . Reactor . | . . . . . Propulsion 3 | . . 1 . 2 Treads . | . . . . . Leg . | . . . . . Wheel . | . . . . . Hover . | . . . . . Flight 3 | . . 1 . 2 Utility 1 | . . . . 1 Device . | . . . . . Storage . | . . . . . Processor 1 | . . . . 1 Hackware . | . . . . . Protection . | . . . . . Artifact . | . . . . . Weapon 2 | . . 2 . . Energy Gun . | . . . . . Energy Cannon . | . . . . . Ballistic Gun . | . . . . . Ballistic Cannon . | . . . . . Launcher 1 | . . 1 . . Special Weapon . | . . . . . Impact Weapon . | . . . . . Slashing Weapon . | . . . . . Piercing Weapon 1 | . . 1 . . Special Melee Weapon . | . . . . . Unidentified Prototypes . | . . . . . Parts Lost 3 | . . 1 . 2 Power . | . . . . . Propulsion 3 | . . 1 . 2 Utility . | . . . . . Weapon . | . . . . . Highest Loss Streak 1 | . . 1 . 1 To Critical Strikes . | . . . . . Average Backups . | . . . 1 . Power . | . . . . . Propulsion . | . . . . . Utility . | . . . . . Weapon . | . . . 1 . Tool/Special . | . . . . . Unused Backups . | . . . . . Power . | . . . . . Propulsion . | . . . . . Utility . | . . . . . Weapon . | . . . . . Tool/Special . | . . . . . Average Slot Usage (%) 10 | . . 4 14 22 Flight 1 | . . 3 . 1 Processor 1 | . . . . 5 Piercing Weapon 7 | . . 1 14 14 Peak Build Rating 9 | . . 4 6 9 Average Rating 3 | . . . 4 7 On Entrance 2 | . . . 4 6 Avg Prop Armor Cover (%) . | . . . . . Naked Turns 152 | . 14 138 . . Heaviest Build 6 | . . 2 2 6 Greatest Support 4 | 3 3 4 3 4 Greatest Overweight (x) 1 | . . . . 1 Average Overweight (x) . | . . . . . Largest Inventory Capacity 5 | 5 5 5 5 5 Average Capacity 5 | 5 5 5 5 5 Most Carried 4 | . . 1 4 4 Average Carried 1 | . . . 2 3 Final Capacity 5 | 5 5 5 5 5 Final Carried 4 | . . 1 4 4 Class Distribution -------------------- 100% | Mutant Dominant Class ---------------- Mutant | -10/Materials Mutant | -10/Mines Mutant | -10/Exiles Mutant | -9/Mines Resources | -11 -10 -10 -10 -9 ----------- Run | Yrd Mat Min Exi Min Matter Collected 276 | 72 . 103 . 101 Remotely . | . . . . . Salvage Created 69 | . . 36 . 33 Parts 6 | . . 2 . 4 Haulers Intercepted . | . . . . . Recyclers Shooed . | . . . . . Parts Field Recycled . | . . . . . Retrieved Matter . | . . . . . Parts Self-Destructed . | . . . . . Prevented . | . . . . . Parts Restored . | . . . . . Kills | -11 -10 -10 -10 -9 ------- Run | Yrd Mat Min Exi Min Combat Hostiles Destroyed 6 | . . 1 . 5 Melee 1 | . . . . 1 AOE 5 | . . 1 . 4 Classes Destroyed 2 | . . 1 . 1 Swarmer 5 | . . . . 5 Grunt 1 | . . 1 . . Best Kill Streak 4 | . . 1 . 4 Combat Bots Only 4 | . . 1 . 4 Max Kills in Single Turn 3 | . . 1 . 3 Gunslinging . | . . . . . Exploded 3 | . . 1 . 3 Melee 1 | . . . . 1 Uniques/NPCs Destroyed . | . . . . . Combat | -11 -10 -10 -10 -9 -------- Run | Yrd Mat Min Exi Min Hostile Shots Fired 35 | . . 18 . 17 Missed 12 | . . 7 . 5 Hits 23 | . . 11 . 12 Projectile 23 | . . 11 . 12 Damage Taken 339 | . . 199 . 140 Core 253 | . . 185 . 68 Absorbed by Shields . | . . . . . Core Remaining (%) 100 | 100 . . . . Volleys Fired 5 | . . 1 . 4 Largest 1 | . . 1 . 1 Hottest 33 | . . 33 . 33 Shots Fired 5 | . . 1 . 4 Gun . | . . . . . Cannon . | . . . . . Launcher 5 | . . 1 . 4 Special . | . . . . . Kinetic . | . . . . . Thermal . | . . . . . Explosive 5 | . . 1 . 4 Electromagnetic . | . . . . . Robot Hit Streak . | . . . . . Robot Miss Streak 3 | . . 1 . 3 Penetration Max . | . . . . . Secondary Targets . | . . . . . Shots Hit Robots 2 | . . . . 2 Core Hits 8 | . . 4 . 4 Critical Kills . | . . . . . Critical Parts Destroyed . | . . . . . Critical Strikes . | . . . . . Melee Attacks 8 | . . . . 8 Impact . | . . . . . Slashing . | . . . . . Piercing 8 | . . . . 8 Sneak Attacks . | . . . . . Combat Hostiles . | . . . . . Follow-up Attacks . | . . . . . Damage Inflicted 373 | . . 104 . 269 Guns . | . . . . . Cannons . | . . . . . Explosions 279 | . . 70 . 209 Melee 60 | . . . . 60 Ramming 34 | . . 34 . . Kinetic . | . . . . . Thermal . | . . . . . Explosive 279 | . . 70 . 209 Electromagnetic . | . . . . . Impact . | . . . . . Slashing . | . . . . . Piercing 60 | . . . . 60 Highest Corruption 2 | . . . . 2 Average Corruption 2 | . . . . 2 Corruption Purged . | . . . . . Corruption Blocked . | . . . . . Effects 1 | . . . . 1 Message Errors 1 | . . . . 1 Overload Shots . | . . . . . Overflow Damage 17 | . . . . 17 Projectiles . | . . . . . Explosions 9 | . . . . 9 Melee 8 | . . . . 8 Knockbacks 1 | . . 1 . . Impact 1 | . . 1 . . Kinetic . | . . . . . Secondary . | . . . . . Self-Inflicted Damage 59 | . . 59 . . Shots 1 | . . 1 . . Rammed 8 | . . 8 . . Targets Rammed 8 | . . 8 . . Kicked . | . . . . . Crushed . | . . . . . Highest Temperature 7 | . . . . 7 Average Temperature 7 | . . . . 7 Received Heat Transfer 81 | . . 81 . . Siege Activations . | . . . . . Martial Activations . | . . . . . Shielding Activations . | . . . . . Robots Disrupted . | . . . . . Combat Hostiles . | . . . . . Robots Corrupted . | . . . . . Combat Hostiles . | . . . . . Parts Fried . | . . . . . Impact Corruptions . | . . . . . Robots Melted . | . . . . . Combat Hostiles . | . . . . . Parts Melted . | . . . . . Heat Transferred . | . . . . . Parts Sabotaged . | . . . . . Parts Stolen . | . . . . . Parts Stripped . | . . . . . Power Chain Reactions . | . . . . . Alert | -11 -10 -10 -10 -9 ------- Run | Yrd Mat Min Exi Min Maximum Alert Level . | . . . . . Low Security (%) 100 | 100 100 100 . 100 Level 1 . | . . . . . Level 2 . | . . . . . Level 3 . | . . . . . Level 4 . | . . . . . Level 5 . | . . . . . High Security . | . . . . . Max Security . | . . . . . Peak Influence 121 | . . 47 . 121 Initial . | . . . . . Average 35 | . . 20 . 79 Influence Increases 300 | . . 122 . 178 Destroy 0b10 Robot/C 140 | . . 20 . 120 Destroy 0b10 Robot/NC 5 | . . . . 5 Destroy Leader 20 | . . . . 20 Allied During Kill 2 | . . . . 2 Destroy Structure 43 | . . 12 . 31 Lose Combat Pursuer 90 | . . 90 . . Influence Decreases 222 | . . 110 12 100 Entered New Map 12 | . . . 12 . Time Decay 120 | . . 80 . 40 Lost Part 30 | . . 10 . 20 Lost Ally 60 | . . 20 . 40 Squads Dispatched 1 | . . 1 . . Investigation 1 | . . 1 . . Extermination . | . . . . . Reinforcement . | . . . . . Assault . | . . . . . Garrison . | . . . . . Intercept . | . . . . . Searches Triggered . | . . . . . Construction Impeded . | . . . . . Haulers Reinforced . | . . . . . Active Scanning Responses . | . . . . . Cargo Convoy Interrupts . | . . . . . Stealth | -11 -10 -10 -10 -9 --------- Run | Yrd Mat Min Exi Min Distress Signals . | . . . . . Communications Jammed . | . . . . . Distress Signals . | . . . . . Times Spotted 16 | . . 8 . 8 Peak Tracking Total 4 | . . 4 . 4 Tactical Retreats 3 | . . 3 . . Traps | -11 -10 -10 -10 -9 ------- Run | Yrd Mat Min Exi Min Traps Triggered . | . . . . . Indirectly . | . . . . . Trap Hack Attempts . | . . . . . Triggered . | . . . . . Disarmed . | . . . . . Reprogrammed . | . . . . . Reused . | . . . . . Traps Extracted . | . . . . . Installed . | . . . . . Triggered . | . . . . . Machines | -11 -10 -10 -10 -9 ---------- Run | Yrd Mat Min Exi Min Machines Disabled . | . . . . . Max in Single Turn . | . . . . . Machines Repaired . | . . . . . Machines Dismantled . | . . . . . Machines Sabotaged . | . . . . . Overloaded Fab Kills . | . . . . . Hacking | -11 -10 -10 -10 -9 --------- Run | Yrd Mat Min Exi Min Machines Accessed 2 | . . 1 1 . Terminals . | . . . . . Fabricators . | . . . . . Repair Stations . | . . . . . Recycling Units . | . . . . . Scanalyzers . | . . . . . Garrison Access . | . . . . . Total Hacks 2 | . . 1 1 . Successful 2 | . . 1 1 . Failed . | . . . . . Catastrophic . | . . . . . Database Lockouts . | . . . . . Manual 1 | . . . 1 . Terminals . | . . . . . Fabricators . | . . . . . Repair Stations . | . . . . . Recycling Units . | . . . . . Scanalyzers . | . . . . . Garrison Access . | . . . . . Terminal Hacks 2 | . . 1 1 . Open Door 1 | . . 1 . . Proto ID Catalog 1 | . . . 1 . Fabricator Hacks . | . . . . . Repair Station Hacks . | . . . . . Recycling Unit Hacks . | . . . . . Scanalyzer . | . . . . . Garrison Access Hacks . | . . . . . Unauthorized Hacks . | . . . . . Terminals . | . . . . . Fabricators . | . . . . . Repair Stations . | . . . . . Recycling Units . | . . . . . Scanalyzers . | . . . . . Garrison Access . | . . . . . Data Cores Recovered . | . . . . . Used . | . . . . . Hacking Detections . | . . . . . Full Trace Events . | . . . . . Feedback Events . | . . . . . Feedback Blocked . | . . . . . Robot Schematics Acquired . | . . . . . Robots Built . | . . . . . Authchips . | . . . . . Time . | . . . . . Total Robot Build Rating . | . . . . . Part Schematics Acquired . | . . . . . Parts Built . | . . . . . Authchips . | . . . . . Time . | . . . . . Total Part Build Rating . | . . . . . Part Studies Acquired . | . . . . . Parts Repaired . | . . . . . Time . | . . . . . Parts Recycled . | . . . . . Recycled Matter . | . . . . . Retrieved Matter . | . . . . . Retrieved Components . | . . . . . Parts Scanalyzed . | . . . . . Part Schematics Acquired . | . . . . . Parts Damaged . | . . . . . Bothacking | -11 -10 -10 -10 -9 ------------ Run | Yrd Mat Min Exi Min Used RIF Installer . | . . . . . Robots Hacked . | . . . . . Non-combat . | . . . . . Combat . | . . . . . Robot Hacks Applied . | . . . . . Relay Couplers Released . | . . . . . Fabnet Peak Effective % . | . . . . . Robots Rewired . | . . . . . Allies Hacked . | . . . . . Hacks Repelled . | . . . . . Allies | -11 -10 -10 -10 -9 -------- Run | Yrd Mat Min Exi Min Total Allies 3 | . . 1 . 2 Largest Group 2 | . . 1 . 2 Highest-Rated Group 47 | . . 31 . 47 Highest-Rated Ally 31 | . . 31 . 31 Total Orders . | . . . . . Ally Attacks 14 | . . 9 . 5 Total Damage 155 | . . 106 . 49 Kills 2 | . . . . 2 Allies Corrupted . | . . . . . Allies Melted . | . . . . . Intel | -11 -10 -10 -10 -9 ------- Run | Yrd Mat Min Exi Min Active Infowar (turns) 40 | . . . . 40 Optics 40 | . . . . 40 Robot Analysis Total . | . . . . . Derelict Logs Recovered 3 | . . 3 . . Drone Launches . | . . . . . Drone Recoveries . | . . . . . Exploration | -11 -10 -10 -10 -9 ------------- Run | Yrd Mat Min Exi Min Turns Passed 440 | 9 14 216 110 91 Spaces Moved 797 | 18 28 414 214 123 Core 672 | 18 28 296 214 116 Treads . | . . . . . Legs . | . . . . . Wheels . | . . . . . Hover . | . . . . . Flight 125 | . . 118 . 7 Fastest Speed 40 | 50 50 40 50 40 Average Speed 48 | 50 50 47 50 50 Slowest Speed 100 | 50 50 50 50 100 Overloaded Moves . | . . . . . Propulsion Burnouts . | . . . . . Robots Hopped 3 | . . 3 . . Potential Cave-ins . | . . . . . Cave-ins Triggered 1 | . . . . 1 Exploration Rate (%) 30 | 3 5 75 41 30 Regions Visited 4 Branch Regions 3 Pre-discovered Areas 1 | . . 1 . . Known Exits Taken . | . . . . . Unknown Exits Taken 4 | 1 1 1 1 . Scrap Searched 3 | . . 1 . 2 Spaces Dug . | . . . . . Terrain Destroyed 57 | . . 14 . 43 Melee . | . . . . . Projectile . | . . . . . AOE 57 | . . 14 . 43 Terrain Rammed . | . . . . . Walls Destroyed . | . . . . . Machines Disabled . | . . . . . Actions | -11 -10 -10 -10 -9 --------- Run | Yrd Mat Min Exi Min Total 829 | 17 27 429 216 140 Wait 5 | . . 5 . . Move 787 | 17 27 407 213 123 Hop 3 | . . 3 . . Pick Up 4 | . . 1 3 . Fast Attach 5 | . . 2 . 3 Attach 2 | . . 1 . 1 Detach 2 | . . 1 . 1 Swap . | . . . . . Drop . | . . . . . Fire 5 | . . 1 . 4 Melee 8 | . . . . 8 Ram 8 | . . 8 . . Kick . | . . . . . Crush . | . . . . . Escape Stasis . | . . . . . Rewire . | . . . . . Trap . | . . . . . Miscellaneous . | . . . . . Route ------- -11/Scrapyard -10/Materials -10/Mines (discovered 2 exits: [*Mat] / *Exi) -10/Exiles -9/Mines History --------- Turn | Location | Event 3 | -11/Scrapyard | Discovered new exit (range 16) 10 | -11/Scrapyard | Entered Materials 14 | -10/Materials | Discovered new exit (range 15) 24 | -10/Materials | Entered Mines 27 | -10/Mines | Met a Derelict shopkeep closing up shop 27 | -10/Mines | Met a Derelict bent on vengeance 43 | -10/Mines | Discovered new exit (range 6) 70 | -10/Mines | Learned location of 1 exit from Materials 98 | -10/Mines | Received a Rocket Launcher from a helpful Derelict 107 | -10/Mines | Learned location of Zion (-7) 129 | -10/Mines | Found a hidden stash of uninstalled traps 134 | -10/Mines | Learned Materials stockpile data 144 | -10/Mines | Received a Mining Laser from a helpful Derelict 165 | -10/Mines | Core integrity fell below 50% 212 | -10/Mines | A weapon hastily lodged in a ceiling crevice suddenly fell to the ground 238 | -10/Mines | Deemed a non-threat by the Exiles lab entrance 238 | -10/Mines | Discovered new exit (range 5) 240 | -10/Mines | Entered Exiles 252 | -10/Exiles | Met 8R-AWN 262 | -10/Exiles | Met EX-HEX 276 | -10/Exiles | Met EX-BIN 282 | -10/Exiles | Aligned with FarCom system 283 | -10/Exiles | Given EX-Vault access code 294 | -10/Exiles | Opened EX-Vault 298 | -10/Exiles | Found Deploy-a-Sentry 299 | -10/Exiles | Found Deploy-a-Sentry 301 | -10/Exiles | Found Deploy-a-Sentry 310 | -10/Exiles | Build established: Mutant 311 | -10/Exiles | Warned to stay clear of 0b10 Research branches 345 | -10/Exiles | Discovered new exit (range 14) 350 | -10/Exiles | Left Exiles lab with Deploy-a-Sentry 350 | -10/Exiles | Entered Mines 377 | -9/Mines | Crushed by falling debris 425 | -9/Mines | Core integrity fell below 20% 441 | -9/Mines | Destroyed by S-10 Pest with Light Assault Rifle Last Messages --------------- 00409_ A pair of derelicts emerge from the shadows: "We're, um, lost. You wouldn't happen to know the way out of here, would you?" 00417_ GO-DHA(z) destroyed. 00421_ Acquired 10 matter. 00422_ R-06 Scavenger destroyed. 00423_ K-01 Serf collects debris. 00423_ Destroyed Flight Unit. 00424_ S-10 Pest destroyed. 00424_ GD-UTR(g) suffers critical hit (Destroy). 00426_ GD-UTR(g) destroyed. 00426_ S-10 Pest destroyed. 00427_ K-01 Serf collects debris. 00428_ Acquired 22 matter. 00428_ S-10 Pest destroyed. 00429_ &CR4L =HZ NL7O/5,CUZUFZV7DU: 00429_ Acquired Flight Unit. 00431_ K-01 Serf collects debris. 00433_ Flight Unit destroyed. 00435_ K-01 Serf collects debris. Map ----- +----------------------------------------------------+ | ?????????????????????????????????????????????????? | | ?????????????????????????????????????????????????? | | ?????????????????????????????????????????????????? | | ?????????????????????????????????????????????????? | | ?????????????????????????????????????????????????? | | ?????????????????????????????????????????????????? | | ?????????????????????????????????????????????????? | | ?????????????????????????????????????????????????? | | ?????????????????????????????????????????????????? | | ?????????????????????????????????????????????????? | | ?????????????????????????????????????????????????? | | ?????????????????????????????????????????????????? | | ?????????????????????????????????????????????????? | | ?????????????????????????????????????????????????? | | ?????????????????????????????????????????????????? | | ??????????????????????????##?????????????????????? | | ?????????????????????????? #?????????????????????? | | ?????????????????????????? #?????????????????????? | | ?????????????????????????? #?????????????????????? | | ?????????????????????????? #?????????????????????? | | ?????????????????????????? #???#?????????????????? | | ????????????????????????##t### ??????????????????? | | ????????????????????????# t $ ???????????????????? | | ????????????????????????# =s ????????????????????? | | ????????????????????????#[*#?????????????????????? | | ????????????????????????#@t#?????????????????????? | | ???????????????????????##%[##????????????????????? | | ???????????????????????# *%[#????????????????????? | | ???????????????????????#!%= #????????????????????? | | ???????????????????????#*= ##????????????????????? | | ??????????????????????## u##?????????????????????? | | ??????????????????????# = ##?????????????????????? | | ?????????????????# #### #?????????????????????? | | ?????????????????# #?????????????????????? | | ?????????????????##### ##?????????????????????? | | ?????????????????????# ###??????????????????????? | | ?????????????????????# #???????###??????????????? | | ?????????????????????#tk#?????## ##?????????????? | | ?????????????????????# #?????# ##????????????? | | ?????????????????????# #?????# #????????????? | | ????????????????????## ##???## #????????????? | | ??????????? ????????# ##?## #????????????? | | ????????? ##### ### ##???????????? | | ????????# #???????????? | | ????????# ! #???????????? | | ?????????# ### ] #???????????? | | ??????#??# ??## = #???????????? | | ?????? ?? ???# ## ##???????????? | | ?????? ??# ### #### ##????????????? | | ?????? ??## ##?##![##?????????????? | +----------------------------------------------------+ Best States ------------- Heat Dissipation 25 Energy Generation 5 Energy Capacity 100 Matter Stores 295 Matter Capacity 300 Sight Range 18 Terrain Scan Density 10 Evasion (%) 62 Item Schematics ----------------- None Robot Schematics ------------------ None Fabricated ------------ Nothing Repaired ---------- Nothing Studied --------- None Alien Tech Used ----------------- None Achievements -------------- None Challenges ------------ None Game ------ Seed VariableAccelerationRigger Manual? 0 Play Time 00:06:28 Cumulative 348.1 hours Start 2026.09.07 @ 13:37:30 End 2026.09.07 @ 13:42:38 Sessions 1 Manual Loads 0 Difficulty Rogue Special Mode None Game No. 325 Rogue 271 Adventurer 54 Explorer 0 Win Type - Total 17 Types 11/1/1/1/1/0/0/1/0/1 Lore% 81 Gallery% 69 Achievement% 65 Wizard Run 0 Options --------- Layout 1 ASCII 0 Keyboard 0 Movement Mouse Keybinds 1 Fullscreen 2 Font 32/Tamsyn Map View 50x35 Zoom Use 0% Tactical HUD 1 Map Filters NONE Filters NONE Steam 1 RUN: 2b14c5eb-42ed-4c21-940b-8d7d2157bdbb